 Dungeon Crawl Stone Soup version 0.18.1-48-g4cf74bf (webtiles) character file.

12672 BESTIEunlmt the Cleaver (level 11, -1/104 HPs)
             Began as a Hill Orc Berserker on July 23, 2016.
             Was a High Priest of Trog.
             Slain by an orc knight
             ... wielding a +0 great sword
              (6 damage)
             ... on level 1 of the Orcish Mines.
             The game lasted 02:01:41 (10214 turns).

BESTIEunlmt the Cleaver (Hill Orc Berserker)       Turns: 10214, Time: 02:01:41

Health: -1/104     AC: 15    Str: 20    XL:     11   Next: 97%
Magic:  4/4        EV: 14    Int:  7    God:    Trog [*****.]
Gold:   355        SH:  3    Dex: 12    Spells: 0 memorised, 10 levels left

rFire  . . .     SeeInvis .     F - +2 executioner's axe (antimagic)
rCold  . . .     Gourm    .     Z - +2 scale mail {rPois}
rNeg   . . .     Faith    .     (shield currently unavailable)
rPois  +         Spirit   .     x - +0 helmet
rElec  .         Dismiss  .     R - +0 cloak {rPois}
rCorr  .         Reflect  +     D - +0 pair of gloves
SustAt .         Harm     .     (no boots)
MR     ++...                    I - +3 amulet of reflection
Stlth  +.........               p - +2 ring of evasion
                                l - ring of stealth

@: regenerating, very resistant to hostile enchantments, very unstealthy
A: screaming 1, weak 1, wild magic 1
a: Berserk, Trog's Hand, Brothers in Arms, Burn Spellbooks, Renounce Religion,
Convert to Beogh


You were on level 1 of the Orcish Mines.
You worshipped Trog.
Trog was extremely pleased with you.
You were not hungry.

You visited 2 branches of the dungeon, and saw 12 of its levels.

You collected 531 gold pieces.
You spent 176 gold pieces at shops.

Inventory:

Hand Weapons
 r - a +1 broad axe of venom
 s - a +0 shortbow of velocity
 F - a +2 antimagic executioner's axe (weapon)
 J - the cursed +0 flail of the Saviour {crush, MR+ Str+3 Int-3, unknown}
   (You found it on level 11 of the Dungeon)

   It inflicts extra damage upon your enemies.
   It affects your strength (+3).
   It affects your intelligence (-3).
   It affects your resistance to hostile enchantments.
   It has a curse placed upon it.
 M - a +1 antimagic trident
 X - a +3 war axe
Missiles
 d - 138 bolts
 k - 31 poisoned needles
 L - 16 tomahawks (quivered)
 U - 91 arrows
Armour
 n - a +1 plate armour
 x - a +0 helmet (worn)
 D - a +0 pair of gloves (worn)
 R - a +0 cloak of poison resistance (worn)
 Z - a +2 scale mail of poison resistance (worn)
Jewellery
 c - an uncursed ring of protection from fire
 h - a +5 ring of intelligence
 l - a ring of stealth (left hand)
 m - an uncursed amulet of dismissal
 p - a +2 ring of evasion (right hand)
 B - an uncursed ring of magical power {unknown}
 I - a +3 amulet of reflection (around neck)
Wands
 w - a wand of flame (40/48)
 y - a wand of teleportation (0/9)
 C - a wand of flame (21/48)
 E - a wand of iceblast (0/15)
Scrolls
 g - 7 scrolls of remove curse
 i - a scroll of identify
 G - a scroll of fear
 K - a scroll of immolation
 S - a scroll of teleportation
Potions
 b - a potion of berserk rage
 e - a potion of haste
 j - a potion of cure mutation {unknown}
 q - a potion of mutation
 t - 3 potions of might
 z - a potion of agility {unknown}
 A - 4 potions of brilliance
 H - a potion of flight {unknown}
 O - a potion of lignification {unknown}
 V - 3 potions of cancellation {unknown}
Comestibles
 a - a meat ration
 f - 4 fruits
 v - 4 bread rations
 N - 3 beef jerkies
 T - a slice of pizza


   Skills:
 + Level 11.8 Fighting
 + Level 14.5 Axes
 + Level 2.6 Throwing
 + Level 10.5 Armour
 + Level 4.6 Dodging
 + Level 1.4 Stealth
 + Level 2.0 Evocations


You had 10 spell levels left.
You didn't know any spells.

Dungeon Overview and Level Annotations

Branches:
Dungeon (11/15)            Temple (0/1) D:4            Lair (0/8) D:11
    Orc (1/2) D:11

Altars:
Cheibriados
Elyvilon
Kikubaaqudgha
Makhleb
Nemelex Xobeh
Okawaru
Pakellas
Qazlal
Ru
Trog
The Shining One

Shops:
D:4 *   D:6 !   D:8 [

Portals:
Trove: D:10 (give 14 scrolls of teleportation)

Annotations:
D:8 Erica
D:11 exclusion: ice statue


Innate Abilities, Weirdness & Mutations

You occasionally shout uncontrollably at your foes.
You are weak. (Str -2)
Your spells are a little harder to cast, but a little more powerful.


Message History

You completely miss the orc.
The orc is moderately wounded.
The warg completely misses you. The orc hits you but does no damage.
The orc knight hits you with a great sword!
* * * LOW HITPOINT WARNING * * *
The warg barely misses you.
Your skin crawls.
You feel resistant to hostile enchantments.
You feel slightly more hungry. The orc barely misses you. The warg misses you.
The orc knight hits you with a great sword!
* * * LOW HITPOINT WARNING * * *
You slash the orc knight!
The orc knight is severely wounded.
You completely miss the orc.
The orc is moderately wounded.
You miss the warg.
The warg is lightly wounded.
The warg bites you but does no damage. The orc closely misses you.
The orc knight hits you with a great sword.
You die...

#)..#.......#..>...$.
#...#.................
.......................
....$..................
.....................
...............oo...
..#.....#.....o#o##
...#...#....#oOhoo#
....#.###.#o##.#@##
........#....#####
........o.$.##
.....##o#..##
......o##....#
#$...$..##....#
##.....#####.##
#......# ## ##.#..##


You could see an orc knight, a warg, an orc warrior, an ogre, 3 orc priests and
2 orcs.

Vanquished Creatures
  Gastronok (D:8)
  Pikel (D:6)
  The ghost of lifecoder the Cleaver, a novice DsGl of Gozag (D:7)
  A cyclops (D:11)
  3 ugly things (D:11)
  Maurice (D:8)
  A komodo dragon (D:11)
  A troll (D:11)
  Prince Ribbit (D:6)
  Eustachio (D:4)
  A human (D:8)
  3 wyverns
  A yak (D:8)
  2 hill giant zombies (D:11)
  Grum (D:7)
  2 hippogriffs
  A hungry ghost (D:11)
  A mottled dragon (D:11)
  A steam dragon (D:10)
  2 wargs (D:11)
  The ghost of rastmirit the Skirmisher, an amateur KoFi (D:3)
  Menkaure (D:6)
  4 black bears
  3 orc warriors
  3 necrophages
  2 slaves (D:6)
  An ice beast (D:6)
  2 sky beasts
  4 ogres
  4 phantoms
  4 wolves
  A crocodile (D:11)
  5 centaurs
  Blork the orc (D:4)
  3 giant frogs
  2 big kobolds
  A jelly (D:10)
  A water moccasin skeleton (D:4)
  A troll zombie (D:11)
  6 killer bees (D:11)
  4 wights (D:10)
  2 howler monkeys (D:4)
  5 crimson imps
  A quasit (D:8)
  2 giant frog skeletons
  4 hounds
  9 orc priests
  7 worker ants
  2 iguanas
  7 orc wizards
  Natasha (thrice) (D:4)
  A killer bee zombie (D:11)
  3 sheep (D:8)
  4 ogre zombies (D:11)
  Robin (D:4)
  6 adders
  6 gnolls
  2 river rats (D:6)
  A shadow imp (D:5)
  2 oozes
  2 adder skeletons
  An adder zombie (D:9)
  3 worms (D:3)
  2 dart slugs
  9 giant geckos
  25 orcs
  6 ball pythons
  8 giant cockroaches
  15 goblins
  7 hobgoblins
  7 jackals
  7 quokkas
  7 bats
  4 giant newts
  2 goblin skeletons (D:11)
  7 goblin zombies (D:11)
  A hobgoblin skeleton (D:11)
  2 hobgoblin zombies (D:11)
  A jackal skeleton (D:6)
  15 kobolds
  4 orc skeletons (D:11)
  9 orc zombies (D:11)
  9 rats
302 creatures vanquished.

Vanquished Creatures (others)
  An orc wizard (D:11)
  An adder (D:6)
  An orc (D:6)
  A jackal (D:6)
4 creatures vanquished.

Grand Total: 306 creatures vanquished

Notes
Turn   | Place    | Note
--------------------------------------------------------------
     0 | D:1      | BESTIEunlmt the Hill Orc Berserker began the quest for the Orb.
     0 | D:1      | Reached XP level 1. HP: 19/19 MP: 1/1
    61 | D:1      | Reached XP level 2. HP: 6/27 MP: 2/2
   521 | D:1      | Reached ** piety under Trog
   648 | D:1      | Reached XP level 3. HP: 33/33 MP: 3/3
  1392 | D:2      | Reached XP level 4. HP: 36/41 MP: 4/4
  1572 | D:3      | Noticed rastmirit's ghost (amateur KoFi)
  1802 | D:3      | Reached skill level 5 in Axes
  1818 | D:3      | Reached *** piety under Trog
  1818 | D:3      | Reached skill level 1 in Stealth
  2032 | D:3      | Noticed a centaur
  2354 | D:2      | Reached XP level 5. HP: 47/47 MP: 5/5
  2712 | D:3      | Killed a centaur
  2712 | D:3      | Reached skill level 5 in Fighting
  2718 | D:3      | Gained mutation: You are weak. (Str -2) [potion of mutation]
  2718 | D:3      | Gained mutation: You occasionally shout uncontrollably at your foes. [potion of mutation]
  2718 | D:3      | Gained mutation: Your spells are a little harder to cast, but a little more powerful. [potion of mutation]
  2779 | D:3      | Found an iron altar of Okawaru.
  2796 | D:3      | Killed rastmirit's ghost
  2796 | D:3      | Reached skill level 6 in Axes
  2796 | D:3      | Reached XP level 6. HP: 8/56 MP: 6/6
  2949 | D:4      | Noticed Eustachio
  2967 | D:4      | Killed Eustachio
  2967 | D:4      | Reached XP level 7. HP: 56/62 MP: 7/7
  3026 | D:4      | Noticed Blork the orc
  3055 | D:4      | Killed Blork the orc
  3074 | D:4      | Noticed Robin
  3079 | D:4      | Reached skill level 7 in Axes
  3095 | D:4      | Killed Robin
  3380 | D:4      | Found a staircase to the Ecumenical Temple.
  3380 | D:4      | Noticed Natasha
  3383 | D:4      | Killed Natasha
  3383 | D:4      | Reached skill level 5 in Armour
  3387 | D:4      | Reached **** piety under Trog
  3574 | D:4      | Found a snail-covered altar of Cheibriados.
  3699 | D:4      | Noticed Natasha
  3703 | D:4      | Killed Natasha
  3704 | D:4      | Found Liuvutoh's General Store.
  3721 | D:4      | Bought a potion of curing for 36 gold pieces
  3739 | D:4      | Noticed Natasha
  3743 | D:4      | Killed Natasha
  4047 | D:5      | Entered Level 5 of the Dungeon
  4050 | D:5      | Found an oddly glowing altar of Pakellas.
  4308 | D:5      | Reached XP level 8. HP: 59/71 MP: 8/8
  4324 | D:5      | Reached skill level 8 in Axes
  4806 | D:6      | Noticed Menkaure
  4818 | D:6      | Killed Menkaure
  4915 | D:6      | Noticed Prince Ribbit
  4942 | D:6      | Killed Prince Ribbit
  4994 | D:6      | Reached skill level 9 in Axes
  5052 | D:6      | Found a stormy altar of Qazlal.
  5194 | D:6      | Noticed Pikel
  5200 | D:6      | Killed Pikel
  5200 | D:6      | Reached skill level 10 in Axes
  5200 | D:6      | Reached XP level 9. HP: 58/81 MP: 9/9
  5647 | D:6      | Found Jutwigho's Distillery.
  5650 | D:6      | Bought 2 potions of heal wounds for 140 gold pieces
  5813 | D:7      | Noticed lifecoder's ghost (novice DsGl)
  6104 | D:7      | Killed lifecoder's ghost
  6104 | D:7      | Reached skill level 11 in Axes
  6320 | D:8      | Noticed Grum
  6327 | D:7      | Killed Grum
  6389 | D:8      | Reached XP level 10. HP: 58/91 MP: 10/10
  6467 | D:8      | Found a burning altar of Makhleb.
  6588 | D:8      | Noticed Gastronok
  6607 | D:8      | Killed Gastronok
  6607 | D:8      | Reached skill level 10 in Fighting
  6607 | D:8      | Reached skill level 12 in Axes
  6607 | D:8      | Reached skill level 1 in Evocations
  6813 | D:8      | Found a glowing golden altar of the Shining One.
  6830 | D:8      | Found Radejacu's Antique Armour Emporium.
  6838 | D:8      | Noticed Maurice
  6847 | D:8      | Killed Maurice
  6958 | D:8      | Reached skill level 1 in Throwing
  7438 | D:8      | Reached XP level 11. HP: 93/101 MP: 12/12
  7494 | D:8      | Noticed Erica
  7578 | D:8      | Found a bloodstained altar of Trog.
  7863 | D:9      | Found a sacrificial altar of Ru.
  7877 | D:9      | Reached skill level 13 in Axes
  7877 | D:9      | Reached skill level 10 in Armour
  8015 | D:9      | Found a white marble altar of Elyvilon.
  8271 | D:9      | Reached ***** piety under Trog
  8375 | D:9      | Found a sparkling altar of Nemelex Xobeh.
  8406 | D:9      | Found an ancient bone altar of Kikubaaqudgha.
  8545 | D:10     | Entered Level 10 of the Dungeon
  8838 | D:10     | Found a portal to a secret trove of treasure.
  9045 | D:11     | Noticed a brown ugly thing
  9056 | D:11     | Killed a brown ugly thing
  9103 | D:11     | Found a staircase to the Lair.
  9134 | D:11     | Received a gift from Trog
  9244 | D:11     | Noticed a green ugly thing
  9258 | D:11     | Killed a green ugly thing
  9305 | D:11     | Found a frozen archway.
  9394 | D:11     | Noticed a cyclops
  9407 | D:11     | Killed a cyclops
  9407 | D:11     | Reached skill level 14 in Axes
  9616 | D:11     | Found a staircase to the Orcish Mines.
  9626 | D:11     | Got a polished flail
  9836 | D:11     | Noticed a brown ugly thing
  9850 | D:11     | Killed a brown ugly thing
 10161 | Orc:1    | Entered Level 1 of the Orcish Mines
 10190 | Orc:1    | Noticed an orc knight
 10213 | Orc:1    | HP: 4/104 [orc knight/great sword (7)]
 10214 | Orc:1    | Slain by an orc knight

Skill      XL: |  1  2  3  4  5  6  7  8  9 10 11 |
---------------+----------------------------------+-----
Fighting       | 4 5 6 7 9 10 11 | 11.8
Dodging        | 2 3 4 |  4.6
Axes           | 5 6 7 10 11 12 14 | 14.5
Stealth        | 1 |  1.4
Armour         | 3 4 5 7 8 9 10 | 10.5
Evocations     | 2 |  2.0
Throwing       | 1 2 |  2.6

Action                   |  1- 3 |  4- 6 |  7- 9 | 10-12 || total
-------------------------+-------+-------+-------+-------++-------
Melee: Hand axe          |   133 |    94 |       |       ||   227
       Broad axe         |       |    19 |   230 |   283 ||   532
       Executioner's axe |       |       |       |   215 ||   215
Throw: Tomahawk          |       |       |     1 |    35 ||    36
Invok: Berserk           |     2 |     3 |     4 |     8 ||    17
       Trog's Hand       |       |     1 |     4 |     7 ||    12
       Burn Spellbooks   |       |       |     2 |     1 ||     3
Evoke: Wand              |       |       |     9 |     6 ||    15
  Use: Scroll            |     5 |     2 |    13 |    15 ||    35
       Potion            |       |     5 |     2 |     9 ||    16
 Stab: Distracted        |       |       |       |     1 ||     1
  Eat: Bread ration      |     1 |     2 |     1 |     1 ||     5
       Chunk             |       |     2 |       |       ||     2
       Fruit             |       |       |     2 |     4 ||     6
       Meat ration       |       |       |     1 |     2 ||     3
       Beef jerky        |       |       |     2 |       ||     2
       Pizza             |       |       |       |     6 ||     6
Armor: Animal skin       |    18 |       |       |       ||    18
       Chain mail        |    28 |     4 |       |       ||    32
       Plate armour      |       |    81 |   155 |    82 ||   318
       Scale mail        |       |       |       |   172 ||   172
Dodge: Dodged            |    77 |    75 |   107 |   322 ||   581
Block: Other             |       |       |       |    51 ||    51
       Reflection        |       |       |       |     2 ||     2
